 Dungeon Crawl Stone Soup version 0.29-a0-824-gd827844252 (webtiles) character file.

Game seed: 4277315834279255128

109 LynnLen the Sneak (level 4, -10/30 HPs)
             Began as a Vampire Enchanter on July 10, 2022.
             Mangled by Menkaure (12 damage)
             ... on level 4 of the Dungeon.
             The game lasted 00:10:57 (2171 turns).

LynnLen the Sneak (Vampire Enchanter)               Turns: 2171, Time: 00:10:58

Health: -10/30     AC:  4    Str:  7    XL:     4   Next: 59%
Magic:  7/7        EV: 12    Int: 19    God:
Gold:   1093       SH:  0    Dex: 14    Spells: 1/7 levels left

rFire   . . .      SeeInvis +   a - +1 dagger (venom)
rCold   . . .      Faith    .   (no shield)
rNeg    . . .      Spirit   .   b - +0 robe
rPois   .          Reflect  .   n - +0 helmet
rElec   .          Harm     .   (no cloak)
rCorr   .          Rampage  .   (no gloves)
Will    .....                   t - +0 pair of boots
Stlth   +++.......              (no amulet)
HPRegen 0.30/turn               (no ring)
MPRegen 0.10/turn               (no ring)

@: healing quickly, invisible
A: alive, fangs 3, see invisible, vampiric 2
a: Exsanguinate


You were on level 4 of the Dungeon.
You visited 1 branch of the dungeon, and saw 4 of its levels.

You collected 1093 gold pieces.

Inventory:

Hand Weapons
 a - a +1 dagger of venom (weapon)
Missiles
 o - 4 boomerangs (quivered)
 r - 10 poisoned darts
Armour
 b - a +0 robe (worn)
 n - a +0 helmet (worn)
 t - a +0 pair of boots (worn)
Scrolls
 k - a scroll of noise {unknown}
Potions
 c - a potion of invisibility
 d - 4 potions of curing
 e - a potion of experience {unknown}
 f - 2 potions of berserk rage {unknown}
 g - a potion of ambrosia {unknown}
 h - 2 potions of flight
 i - a potion of magic {unknown}
 j - a potion of degeneration {unknown}
 l - a potion of heal wounds {unknown}
 q - a potion of haste {unknown}
 s - a potion of might {unknown}


   Skills:
 * Level 3.6 Short Blades
 + Level 2.7 Dodging
 + Level 5.9 Stealth
 + Level 2.1 Spellcasting
 - Level 4.4 Hexes


You had one spell level left.
You knew the following spells:

 Your Spells              Type           Power      Damage    Failure   Level
a - Confusing Touch       Hex            18%        N/A       9%          3
b - Tukima's Dance        Hex            18%        N/A       9%          3

Your spell library contained the following spells:

 Spells                   Type           Power      Damage    Failure   Level
 Ensorcelled Hibernation  Hex/Ice        20%        N/A       11%         2
 Dazzling Flash           Conj/Hex       20%        N/A       21%         3
 Portal Projectile        Hex/Tloc       20%        N/A       21%         3
 Silence                  Hex/Air        5%         N/A       88%         5
 Agony                    Necr           2%         N/A       99%         5
 Blade Hands              Tmut           1%         N/A       99%         5


Dungeon Overview and Level Annotations

Branches:
Dungeon (4/15)
 Temple: D:4-7

Altars:
Ru

Shops:
D:1 (

Annotations:
D:3 Natasha
D:4 Menkaure


Innate Abilities, Weirdness & Mutations

Your natural rate of healing is accelerated.
You have razor-sharp teeth.
You have supernaturally acute eyesight. (SInv)
You are afflicted with vampirism and can become a bat while bloodless.


Message History

You see here a hobgoblin corpse.
A worm comes into view.
An orc comes into view. It is wielding a +0 war axe.
There is a stone staircase leading down here.
You climb downwards.
You hear the sound of rushing water.
There is an entrance to a sewer on this level.
Hurry and find it before the portal rusts away!
Found an escape hatch in the floor.
There is a stone staircase leading up here.
HP restored.
Found a stone staircase leading down.
Menkaure, Prince of Dust comes into view.
Menkaure shouts!
Menkaure closely misses you.
You hit Menkaure.
Menkaure is lightly damaged.
Menkaure gestures wildly while chanting.
Menkaure seems to speed up.
You hit Menkaure.
Menkaure is moderately damaged.
Menkaure hits you.
You hit Menkaure.
Menkaure is heavily damaged.
Menkaure hits you.
You closely miss Menkaure.
Menkaure is heavily damaged.
Menkaure closely misses you.
You completely miss Menkaure.
Menkaure is heavily damaged.
Menkaure gestures at you while chanting.
Pain shoots through your body!
You feel better. Menkaure hits you!
You feel better. Menkaure hits you!!
Ouch! That really hurt!
* * * LOW HITPOINT WARNING * * *
Okay, then.
Okay, then.
You fade into invisibility!
Menkaure hits you!
You die...

##>. ...
# ... ..
#.##.# .#
...####.#
#.......#
#.#.....#
#M#>....#
#@#..<..#
#....##.#
#...## #
#...#
#...#.#
##..#..
#..####
#..# ..#


You could see Menkaure (fast).

Vanquished Creatures
  Natasha (D:3)
  2 adders
  2 worms
  5 bats
  4 endoplasms
  4 giant cockroaches
  4 goblins
  10 hobgoblins
  8 kobolds
  2 quokkas (D:1)
  5 ball pythons
  4 frilled lizards
  7 rats
58 creatures vanquished.

Notes
Turn   | Place    | Note
-------+----------+-------------------------------------------
     0 | D:1      | LynnLen the Vampire Enchanter began the quest for the Orb.
     0 | D:1      | Reached XP level 1. HP: 13/13 MP: 3/3
   126 | D:1      | Found Jaropot's Weapon Emporium.
   170 | D:1      | Reached XP level 2. HP: 19/19 MP: 5/5
   469 | D:1      | Reached skill level 5 in Stealth
   852 | D:1      | Gained mutation: You are afflicted with vampirism and can
                  | become a bat while bloodless. [Vampire growth]
   852 | D:1      | Reached XP level 3. HP: 24/24 MP: 6/6
   856 | D:1      | Learned a level 3 spell: Confusing Touch
   860 | D:1      | Learned a level 3 spell: Tukima's Dance
  1216 | D:2      | Found a sacrificial altar of Ru.
  1235 | D:2      | Found a faded altar of an unknown god.
  1599 | D:2      | Identified a scroll of acquirement
  1599 | D:2      | Acquired 965 gold pieces
  1798 | D:3      | Found a sacrificial altar of Ru.
  1923 | D:3      | Reached XP level 4. HP: 30/30 MP: 7/7
  2066 | D:3      | Noticed Natasha
  2072 | D:3      | Killed Natasha
  2143 | D:3      | Noticed Natasha
  2161 | D:4      | Noticed Menkaure
  2171 | D:4      | Mangled by Menkaure

Illustrated notes

Levels and vault maps discovered:
D:1:      dpeg_arrival_shelter, layout_basic, serial_shops, shop
D:2:      layout_rooms, dreamdust_ecumenical_altar_statues, basic_altar,
          minmay_fractal_squares_gapless_5
D:3:      layout_basic, lemuel_doored_altar, marbit_many_paths,
          nrook_mini_backslash, uniq_natasha
D:4:      layout_rooms, minmay_temple_entry_tees, portal_sewer_entry_f,
          uniq_edmund, uniq_menkaure

Skill      XL: |  1  2  3 |
---------------+----------+-----
Short Blades   | 2 3 |  3.6
Stealth        | 5 |  5.9
Dodging        | |  2.7
Spellcasting   | |  2.1
Hexes          | |  4.4

Action                   |  1- 3 |  4- 6 || total
-------------------------+-------+-------++-------
Melee: Dagger            |   134 |    21 ||   155
       Bite              |    13 |     1 ||    14
       Punch             |     2 |       ||     2
  Use: Scroll            |     9 |       ||     9
       Potion            |       |     3 ||     3
 Stab: Sleeping          |    13 |     3 ||    16
Armor: Robe              |    29 |     1 ||    30
Dodge: Dodged            |    65 |     5 ||    70

Table legend: (Time is in decaauts)
 A = Elapsed time spent in this place.
 B = Non-inter-level travel time spent in this place.
 C = Inter-level travel time spent in this place.
 D = Time resting spent in this place.
 E = Time spent auto-exploring this place.
 F = Levels seen in this place.
 G = Mean time per level.
                   A        B        C        D        E       F      G
               +--------+--------+--------+--------+--------+-----+--------+
         Total |   2151 |   2151 |      0 |    116 |    852 |   4 |  537.8 |
       Dungeon |   2151 |   2151 |      0 |    116 |    852 |   4 |  537.8 |
               +--------+--------+--------+--------+--------+-----+--------+

Top non-repeatable levels by time:
     D:1: 1034 daAuts
     D:2: 657 daAuts
     D:3: 446 daAuts
     D:4: 13 daAuts
